Unix NetHack Version 3.7.0-65 Work-in-progress - last build Sep 26 2022 05:48:34 (a9070be95fe145525c880ceec589f5104d392f49,branch:master). Game began 2022-09-30 20:15:20, ended 2022-09-30 20:25:23. Gandelf, neutral male human Monk .... ..... .<.... ....>.. ..... ....- ..... .... -...... -....@. ....h.. ....|. |.-- Gandelf the Novice St:18/02 Dx:13 Co:11 In:3 Wi:10 Ch:13 Neutral S:1162 Dlvl:5 $:274 HP:0(31) Pw:15(15) AC:0 Xp:4/157 T:609 Latest messages: You see here a spellbook of healing. J - a spellbook of healing. "Hello, Gandelf! Welcome to Lugnaquillia's rare books!" What do you want to read? [cdmGJ or ?*] ? Never mind. "Hello, Gandelf! Welcome again to Lugnaquillia's rare books!" You see here a dusty spellbook (for sale, 100 zorkmids). You drop a spellbook of healing. Lugnaquillia offers 50 gold pieces for your spellbook of healing. Sell it? [ynaq] (n) y You sold a spellbook of healing for 50 gold pieces. You see here a dusty spellbook (for sale, 100 zorkmids). You stop. Lugnaquillia is in the way! The dwarf throws a stout spear! A stout spear misses you. You kill the dwarf! There are several objects here. $ - 16 gold pieces (274 in total). K - a dwarvish roundshield. L - a green gem. What do you want to wear? [K or ?*] K You are now wearing a dwarvish roundshield. What do you want to take off? [abpqK or ?*] K You can't. It is cursed. You kill the lichen! You see here a lichen corpse. M - a lichen corpse. The air crackles around the gnomish wizard. You miss the gnomish wizard. You hit the gnomish wizard! The gnomish wizard points all around, then curses. You kill the gnomish wizard! You see here a gnomish wizard corpse. Where do you want to travel to? (For instructions type a '?') You climb up the stairs. Where do you want to travel to? (For instructions type a '?') Can't find dungeon feature '-'. A wave of psychic energy pours over you! The mind flayer hits! The mind flayer's tentacles suck you! Your helm blocks the attack to your head. The mind flayer's tentacles suck you! Your brain is eaten! Your last thought fades away. Do you want your possessions identified? [ynq] (y) y Do you want to see your attributes? [ynq] (y) y Do you want an account of creatures vanquished? [ynaq] (y) y Do you want to see your conduct and achievements? [ynq] (y) y Do you want to see the dungeon overview? [ynq] (y) y Inventory: Coins $ - 274 gold pieces Armor p - an uncursed +0 dwarvish iron helm (being worn) a - an uncursed +2 pair of leather gloves (being worn) q - an uncursed +0 pair of iron shoes (being worn) K - a cursed -2 dwarvish roundshield (being worn) b - an uncursed +1 robe (being worn) Comestibles g - 5 uncursed apples f - 3 uncursed food rations i - 4 uncursed fortune cookies h - 5 uncursed oranges M - an uncursed lichen corpse Scrolls G - an uncursed scroll of create monster m - an uncursed scroll of earth d - a blessed scroll of magic mapping Spellbooks c - a blessed spellbook of healing Potions v - an uncursed potion of full healing C - an uncursed potion of gain energy e - 2 potions of holy water Rings j - an uncursed +1 ring of increase accuracy (on right hand) Tools I - an empty uncursed bag of holding w - a cursed tallow candle Gems/Stones t - an uncursed worthless piece of blue glass L - an uncursed worthless piece of green glass k - an uncursed worthless piece of violet glass o - 4 uncursed worthless pieces of yellow glass Gandelf the Monk's attributes: Background: You were a Novice, a level 4 male human Monk. You were neutral, on a mission for Chih Sung-tzu who was opposed by Shan Lai Ching (lawful) and Huan Ti (chaotic). You were in the Gnomish Mines, on level 5. You entered the dungeon 609 turns ago. You had 157 experience points, 3 more were needed to attain level 5. Your score was 1162 before end-of-game adjustments. Basics: You had 0 out of 31 hit points. You had all 15 energy points (spell power). Your armor class was 0. Your wallet contained 274 zorkmids. Autopickup was off. Final Characteristics: Your strength was 18/02 (limit:18/100). Your dexterity was 13 (limit:18). Your constitution was 11 (limit:18). Your intelligence was 3 (peak:8, limit:18). Your wisdom was 10 (limit:18). Your charisma was 13 (limit:18). Final Status: You were not hungry. You were unencumbered. You were empty handed. You had basic skill with martial arts. Final Attributes: You were fervently aligned. You were sleep resistant. You were poison resistant. You saw invisible. You had a small bonus to hit (+1). You were guarded. You were fast. You are dead. Miscellaneous: You encountered 1 bones level. Total elapsed playing time was 10 minutes and 3 seconds. Major events: Turn 1: Gandelf the neutral male human Monk entered the dungeon 254: entered the Gnomish Mines 291: attained the rank of Novice (level 3) 351: reached Mine Town 609: killed by brainlessness Vanquished creatures: a gnome leader 2 gnomish wizards 3 dwarves 9 gnomes a gnome zombie 2 jackals a sewer rat a grid bug a lichen 4 newts 25 creatures vanquished. No species were genocided or became extinct. Voluntary challenges: You went without food. You never hit with a wielded weapon. You read items or engraved 1 time. You never engraved Elbereth. You never genocided any monsters. You never polymorphed an object. You never changed form. You used no wishes. Achievements: You entered the Gnomish Mines. You attained the rank of Novice. You entered Minetown. You entered a shop. You entered a temple. The Dungeons of Doom: levels 1 to 2 Level 1: Some fountains. Level 2: A fountain. Stairs down to The Gnomish Mines. The Gnomish Mines: levels 3 to 6 Level 3: Level 4: Level 5: <- You were here. Final resting place for you, killed by brainlessness, nmlkj-Wiz-Hum-Mal-Cha, killed by brainlessness. Level 6: Many shops, a temple, some fountains. Game over: ---------- / \ / REST \ / IN \ / PEACE \ / \ | Gandelf | | 274 Au | | killed by | | brainlessness | | | | | | 2022 | *| * * * | * _________)/\\_//(\/(/\)/\//\/|_)_______ Goodbye Gandelf the Monk... You died in The Gnomish Mines on dungeon level 5 with 1135 points, and 274 pieces of gold, after 609 moves. You were level 4 with a maximum of 31 hit points when you died.